Map: Lerilak Crest

Players

LiquidSnute (Snute) - Winner!

  • Race: Zerg Zerg
  • League: Grandmaster

Nerchio

  • Race: Zerg Zerg
  • League: Grandmaster

Event: 2016 WCS Winter Challenger Europe

VOD

Have the link to the VOD?

Description

Time

  • Played on: Feb. 14, 2016, 1:38 p.m.
  • Length: 8:33

All games in this series

Show
View Real Time Build Order
Export as new Build Order

LiquidSnute Zerg - Winner!

Build Orders: Pool First 

Get SALT Encoding   

  12  0:00  Drone  
  13  0:12  Overlord  
  13  0:17  Drone  
  14  0:30  Drone x2  
  14  0:34  Drone  
  17  0:44  Spawning Pool  
  17  0:47  Drone  
  17  0:52  Extractor  
  17  0:56  Drone  
  17  1:15  Hatchery  
  17  1:17  Drone  
  17  1:20  Drone  
  18  1:31  Queen  
  20  1:36  Zergling x2  
  22  1:40  Drone  
  22  1:49  Overlord  
  22  1:52  Metabolic Boost  
  22  2:00  Drone, Extractor  
  23  2:07  Queen  
  25  2:15  Baneling Nest  
  23  2:18  Zergling x2  
  23  2:22  Zergling x2  
  25  2:29  Zergling x2  
  26  2:32  Zergling x2  
  27  2:39  Zergling x6  
  27  2:40  Zergling x2  
  31  2:47  Overlord  
  30  2:53  Zergling x2  
  32  2:58  Zergling x2  
  32  3:02  Baneling x2  
  27  3:28  Zergling x6  
  27  3:30  Baneling x2  
  30  3:36  Hatchery, Zergling x2  
  30  3:40  Zergling x2  
  31  3:48  Zergling x2  
  32  3:53  Queen  
  32  3:55  Baneling x2  
  31  4:03  Zergling x2  
  31  4:08  Drone  
  33  4:10  Drone x2  
  33  4:15  Drone  
  35  4:21  Drone  
  28  4:33  Drone  
  29  4:43  Zergling x2  
  30  4:46  Drone  
  31  4:58  Drone x3  
  34  5:00  Drone x2  
  34  5:02  Hatchery  
  34  5:06  Baneling  
  35  5:10  Drone x2  
  37  5:15  Drone x3  
  40  5:23  Drone x3  
  40  5:28  Drone  
  43  5:30  Extractor  
  43  5:33  Extractor  
  43  5:34  Overlord, Roach Warren  
  40  5:38  Drone  
  40  5:39  Drone  
  40  5:40  Drone  
  43  5:43  Drone  
  43  5:46  Overlord  
  44  5:52  Queen  
  46  6:12  Zergling x6  
  46  6:16  Roach x5  
  58  6:19  Baneling  
  58  6:21  Roach x3  
  59  6:25  Zergling x4  
  55  6:33  Roach  
  55  6:39  Ravager x3  
  60  6:43  Roach x2  
  60  6:46  Roach  
  66  6:50  Overlord  
  66  7:10  Zergling x14  
  70  7:17  Zergling x2  
  70  7:19  Baneling x2  
  70  7:20  Baneling x2  
  70  7:21  Ravager  
  70  7:22  Ravager  
  73  7:23  Overlord  
  73  7:24  Zergling x2  
  73  7:28  Zergling x2  
  72  7:40  Zergling x6  
  72  7:41  Zergling x6  
  71  7:44  Zergling x2  
  71  7:48  Zergling x4  
  63  7:52  Zergling x4  
  63  7:54  Zergling x2  
  63  7:55  Ravager x2  
  67  8:05  Zergling x6  
  65  8:11  Zergling x6  
  64  8:21  Ravager  
Show
View Real Time Build Order
Export as new Build Order

Nerchio Zerg 

Build Orders: Pool First 

Get SALT Encoding   

  12  0:01  Drone  
  13  0:08  Drone  
  14  0:15  Extractor  
  14  0:16  Drone  
  14  0:32  Spawning Pool  
  14  0:35  Drone  
  14  0:42  Extractor  
  13  0:43  Drone  
  15  0:52  Overlord  
  15  1:18  Metabolic Boost, Queen  
  15  1:19  Zergling x2  
  15  1:22  Zergling x2  
  19  1:27  Zergling x2  
  19  1:31  Zergling x2  
  21  1:41  Overlord  
  21  1:57  Zergling x2  
  22  2:02  Hatchery  
  22  2:04  Zergling x2  
  22  2:14  Zergling x2  
  23  2:25  Zergling x2  
  23  2:26  Zergling x6  
  27  2:34  Queen  
  29  2:42  Overlord  
  29  2:51  Spine Crawler  
  27  3:01  Drone x2  
  27  3:02  Drone  
  29  3:07  Drone  
  29  3:09  Drone  
  31  3:19  Drone x2  
  30  3:32  Baneling Nest  
  29  3:35  Drone  
  30  3:42  Queen  
  30  3:45  Zergling x2  
  32  3:54  Zergling x2  
  32  3:55  Zergling x4  
  35  3:58  Drone  
  35  4:01  Zergling x2  
  33  4:11  Zergling x2  
  33  4:15  Baneling x4  
  33  4:16  Drone  
  35  4:17  Drone  
  35  4:22  Drone  
  34  4:25  Drone  
  34  4:41  Queen  
  36  4:46  Drone  
  36  4:48  Drone x4  
  39  4:55  Overlord  
  39  4:59  Drone  
  40  5:07  Drone x2  
  41  5:12  Overlord  
  41  5:15  Drone x2  
  43  5:25  Hatchery  
  43  5:27  Zergling x4  
  44  5:30  Zergling x2  
  44  5:31  Zergling x2  
  44  5:33  Zergling x2  
  44  5:35  Zergling x2  
  48  5:37  Extractor  
  48  5:41  Roach Warren  
  46  5:48  Overlord  
  46  5:54  Drone  
  46  5:55  Drone x4  
  51  5:58  Evolution Chamber  
  50  6:09  Zergling x6  
  52  6:13  Zergling x4  
  53  6:23  Zergling x4  
  54  6:26  Roach  
  54  6:27  Roach  
  54  6:28  Overlord  
  54  6:30  Roach  
  54  6:32  Overlord  
  58  6:34  Baneling x2, Roach x2  
  58  6:38  Zerg Missile Weapons Level 1  
  59  6:41  Drone x2  
  59  6:44  Drone  
  59  6:45  Drone  
  63  6:49  Drone  
  63  6:52  Queen  
  66  6:55  Roach  
  66  6:57  Roach  
  72  7:01  Roach  
  72  7:02  Ravager x3  
  72  7:04  Baneling  
  72  7:06  Baneling x2  
  72  7:08  Roach  
  77  7:09  Zergling x2  
  77  7:12  Roach  
  77  7:16  Zergling x2  
  77  7:17  Zergling x4  
  77  7:21  Overlord  
  77  7:22  Overlord  
  79  7:27  Overlord  
  80  7:30  Roach  
  80  7:34  Overlord x2  
  80  7:36  Baneling  
  80  7:42  Roach  
  72  7:45  Roach  
  72  7:46  Roach  
  72  7:48  Roach x2  
  72  7:50  Roach  
  71  7:52  Zergling x4  
  71  7:55  Roach  
  70  8:03  Zergling x4  
  70  8:05  Zergling x2  
  72  8:08  Zergling x2  
  72  8:10  Roach  
  66  8:13  Roach  
  66  8:16  Zergling x4  
Tags
 
Add a new tag
Caveats
  • Supply blocks, unpowered buildings, or Contaminate may cause inaccurate times.
  • Supply counts are checked every 10 seconds.